 Dungeon Crawl Stone Soup version 0.32-a0-913-g739538afd8 (webtiles) character file.

Game seed: 2688847576566039224

153 promet the Chopper (level 5, 0/4 HPs)
             Began as a Mountain Dwarf Fighter on Apr 6, 2024.
             Was an Initiate of Hepliaklqana.
             Slain by a hobgoblin (4 damage)
             ... on level 4 of the Dungeon on Apr 7, 2024.
             The game lasted 00:24:44 (3849 turns).

promet the Chopper (Mountain Dwarf Fighter)         Turns: 3849, Time: 00:24:45

Health: 0/4        AC:  0    Str: 20    XL:     5   Next: 12%
Magic:  5/5        EV: 10    Int:  9    God:    Hepliaklqana [......]
Gold:   102        SH:  4    Dex:  9    Spells: 4/4 levels left

rFire   . . .        a - +0 war axe
rCold   . . .        c - +0 buckler
rNeg    . . .        b - melded +0 chain mail
rPois   .            (no helmet)
rElec   .            (no cloak)
rCorr   .            (no gloves)
SInv    .            (no boots)
Will    .....        (no amulet)
Stlth   +            (no ring)
HPRegen 0.20/turn    (no ring)
MPRegen 0.09/turn

%: no passive effects
@: maw-form
A: devouring maw, reduced hp, runic magic, artefact enchanting
a: Begin Untransformation, Renounce Religion


You were on level 4 of the Dungeon.
You worshipped Hepliaklqana.
Hepliaklqana was noncommittal.
You were a creature with a mouth for a stomach.
You visited 1 branch of the dungeon, and saw 4 of its levels.

You collected 138 gold pieces.
You spent 36 gold pieces at shops.

Inventory:

Hand Weapons
 a - a +0 war axe (weapon)
 p - a +0 spear
Missiles
 h - 6 poisoned darts
 i - 3 stones (quivered)
Armour
 b - a +0 chain mail (melded)
 c - a +0 buckler (worn)
Talismans
 q - a maw talisman (active)
Scrolls
 f - 2 scrolls of blinking
 j - a scroll of poison
 m - a scroll of noise
 n - 2 scrolls of teleportation
 o - 2 scrolls of identify
Potions
 d - a potion of might
 e - a potion of heal wounds
 g - a potion of lignification {unknown}
 k - 3 potions of curing
 l - a potion of invisibility {unknown}


   Skills:
 * Level 4.2 Fighting
 + Level 4.3 Axes
 + Level 0.1 Throwing
 + Level 3.9 Armour
 + Level 0.2 Dodging
 + Level 0.4 Stealth
 + Level 3.9 Shields


You had 4 spell levels left.
You didn't know any spells.
Your spell library was empty.

Dungeon Overview and Level Annotations

Branches:
Dungeon (4/15)
 Temple: D:4-7

Altars:
Hepliaklqana
Kikubaaqudgha
Ru
Sif Muna
Trog
Xom

Shops:
D:1 !

Annotations:
D:2 diggable treaure vault


Innate Abilities, Weirdness & Mutations

You are a creature with a mouth for a stomach.
Your midsection houses a second, enormous mouth.
Your maximum health is decreased, since you lack skill for your form.
Your spellcasting is much less encumbered by armour.
You can use scrolls of enchantment on lesser artefacts.


Message History

You climb downwards.
You hear the sound of rushing water.
There is an entrance to a sewer on this level.
Hurry and find it before the portal rusts away!
Found a maw talisman.
Found a stone staircase leading down.
There is a stone staircase leading up here.
You see here a maw talisman.
q - a maw talisman
Okay, then.
You begin transforming.
You continue transforming. x3
You turn into a creature with a mouth for a stomach.
Your +0 chain mail melds into your body.
HP restored.
A ball python comes into view.
There is a stone staircase leading down here.
You barely miss the ball python. Your bite misses the ball python.
The ball python closely misses you. The ball python barely misses you.
You slash the ball python!
You kill the ball python!
You see here a ball python corpse.
You hear the slow rusting of a very distant drain.
A hobgoblin and a ball python come into view.
Found a scroll of noise.
Found a stone staircase leading up.
Found a stone staircase leading up.
The hobgoblin shouts!
The ball python hisses angrily.
The ball python attacks as it pursues you!
The ball python barely misses you. The ball python grabs you.
The ball python constricts you.
You slash the ball python!
You devour the ball python!
You feel better.
You kill the ball python!
You hit the hobgoblin.
You bite the hobgoblin, but do no damage.
The hobgoblin is moderately wounded.
The hobgoblin closely misses you.
You barely miss the hobgoblin.
The hobgoblin is moderately wounded.
The hobgoblin hits you.
Ouch! That really hurt!
You die...
Hepliaklqana delivers you to your ancestors.

......# .?...#
####....# ........#
.<#....g# #######
#.......# #.....#
#.....########.###.##
#.....gW......#....#
.......####....###.#..#
.####.. #......# #.#..#
.... #.#....... #..#
...#.#........####..#
.......#..#.....#....†#
##<# #..........#.###.#
..
................>#####
###..#.........#


You could see a hobgoblin.

Vanquished Creatures
  A bombardier beetle (D:3)
  4 gnolls
  An adder (D:2)
  3 dart slugs
  An orc (D:3)
  7 ball pythons
  7 bats
  6 endoplasms
  2 giant cockroaches (D:1)
  2 goblins (D:2)
  8 hobgoblins
  4 jackals (D:3)
  A quokka (D:1)
  2 frilled lizards (D:1)
  6 kobolds
  3 rats
58 creatures vanquished.

Notes
Turn   | Place    | Note
-------+----------+-------------------------------------------
     0 | D:1      | promet the Mountain Dwarf Fighter began the quest for the
                  | Orb.
     0 | D:1      | Reached XP level 1. HP: 19/19 MP: 1/1
   375 | D:1      | Reached XP level 2. HP: 26/27 MP: 2/2
   538 | D:1      | Found a faded altar of an unknown god.
  1019 | D:1      | Upgraded the game from 0.32-a0-909-gc671339a80 to
                  | 0.32-a0-913-g739538afd8
  1025 | D:1      | Reached XP level 3. HP: 33/33 MP: 3/3
  1083 | D:1      | Found Xityamp's Distillery.
  2169 | D:1      | Bought a potion of curing for 36 gold pieces
  2697 | D:2      | Reached XP level 4. HP: 21/40 MP: 4/4
  3179 | D:3      | Found a shimmering altar of Xom.
  3307 | D:3      | Reached XP level 5. HP: 45/46 MP: 5/5
  3484 | D:3      | Found an ancient bone altar of Kikubaaqudgha.
  3492 | D:3      | Found a bloodstained altar of Trog.
  3493 | D:3      | Found a shimmering blue altar of Sif Muna.
  3494 | D:3      | Found a hazy altar of Hepliaklqana.
  3495 | D:3      | Found a sacrificial altar of Ru.
  3509 | D:3      | Became a worshipper of Hepliaklqana the Forgotten
  3849 | D:4      | Slain by a hobgoblin

Illustrated notes

Levels and vault maps discovered:
D:1:      dpeg_arrival_simpleton_a, layout_loops_corners, serial_shops,
          nicolae_shop_real_fake_doors, shapermc_ecumenical_altar_gd,
          amcnicky_mini_rare_corridor_liquid, chequers_serial_rivers_micro_e
D:2:      layout_loops_corners, serial_glass, glass_columns_a, glass_columns_a,
          minmay_strange_pillars, feat_on_display, due_unseen_surprise,
          minmay_strange_pillars
D:3:      layout_loops_cross, mainiacjoe_overflow_cross_hatched, minitemple
D:4:      minmay_evil_eye, layout_basic, lightli_sewer_entry_pipes

Skill      XL: |  1  2  3  4 |
---------------+-------------+-----
Fighting       | 4 |  4.2
Axes           | 3 4 |  4.3
Throwing       | |  0.1
Armour         | |  3.9
Dodging        | |  0.2
Stealth        | |  0.4
Shields        | |  3.9

Action                     |  1- 3 |  4- 6 || total
---------------------------+-------+-------++-------
  Melee: War axe           |   140 |    95 ||   235
         Maw               |       |     1 ||     1
  Throw: Stone             |    13 |     2 ||    15
    Use: Scroll            |     7 |       ||     7
 Armour: Scale mail        |    69 |       ||    69
         Chain mail        |    26 |    86 ||   112
         Skin              |       |     2 ||     2
  Dodge: Dodged            |    57 |    35 ||    92
  Block: Buckler           |    26 |    18 ||    44
   Form: Maw               |       |     1 ||     1

Table legend: (Time is in decaauts)
 A = Elapsed time spent in this place.
 B = Non-inter-level travel time spent in this place.
 C = Inter-level travel time spent in this place.
 D = Time resting spent in this place.
 E = Time spent auto-exploring this place.
 F = Levels seen in this place.
 G = Mean time per level.
                   A        B        C        D        E       F      G
               +--------+--------+--------+--------+--------+-----+--------+
         Total |   3935 |   3606 |    329 |    614 |   1518 |   4 |  983.8 |
       Dungeon |   3935 |   3606 |    329 |    614 |   1518 |   4 |  983.8 |
               +--------+--------+--------+--------+--------+-----+--------+

Top non-repeatable levels by time:
     D:1: 1450 daAuts
     D:2: 1302 daAuts
     D:3: 1110 daAuts
     D:4: 72 daAuts
